 Dungeon Crawl Stone Soup version 0.27-a0-380-g150de4c316 (webtiles) character file.

Game seed: 2596998346348319592

207 pistachioham the Magician (level 5, 0/28 HPs)
             Began as a Deep Elf Hedge Wizard on Feb 12, 2021.
             Slain by an iguana (5 damage)
             ... on level 4 of the Dungeon on Feb 17, 2021.
             The game lasted 00:19:35 (2765 turns).

pistachioham the Magician (Deep Elf Hedge Wizard)   Turns: 2765, Time: 00:19:35

Health: 0/28       AC:  5    Str:  7    XL:     5   Next: 54%
Magic:  7/15       EV: 13    Int: 20    God:
Gold:   152        SH:  0    Dex: 14    Spells: 2/15 levels left

rFire    . . .     SeeInvis .   a - +3 short sword (vamp)
rCold    . . .     Faith    .   (no shield)
rNeg     . . .     Spirit   .   e - +0 robe
rPois    .         Reflect  .   c - +0 hat
rElec    .         Harm     .   o - +0 cloak
rCorr    .         Rampage  .   k - +0 pair of gloves
Will     .....                  h - +0 pair of boots
Stlth    ++........             (no amulet)
HPRegen  0.09/turn              (no ring)
MPRegen  0.14/turn              (no ring)

@: no status effects
A: no striking features
a: no special abilities


You were on level 4 of the Dungeon.
You visited 1 branch of the dungeon, and saw 4 of its levels.
You also visited: Sewer.

You collected 152 gold pieces.

Inventory:

Hand Weapons
 a - a +3 vampiric short sword (weapon)
 b - a +2 short sword of venom
Armour
 c - a +0 hat (worn)
 e - a +0 robe (worn)
 h - a +0 pair of boots (worn)
 k - a +0 pair of gloves (worn)
 o - a +0 cloak (worn)
Jewellery
 t - a ring of fire {unknown}
Scrolls
 g - 2 scrolls of fear
 i - a scroll of identify
 l - a scroll of immolation {unknown}
 q - 2 scrolls of teleportation {unknown}
 r - a scroll of noise {unknown}
Potions
 d - a potion of attraction
 f - a potion of resistance
 j - a potion of ambrosia {unknown}
 m - a potion of heal wounds {unknown}
 n - 2 potions of haste {unknown}
 p - a potion of magic {unknown}
 s - a potion of curing {unknown}


   Skills:
 - Level 2.4 Dodging
 - Level 2.4 Stealth
 - Level 5.6 Spellcasting
 * Level 4.5 Conjurations
 + Level 3.0 Hexes
 - Level 1.1 Summonings
 - Level 1.1 Translocations


You had 2 spell levels left.
You knew the following spells:

 Your Spells              Type           Power        Failure   Level
a - Magic Dart            Conj           92%          1%          1
b - Slow                  Hex            17%          4%          2
c - Blink                 Tloc           N/A          11%         2
d - Call Imp              Summ           10%          11%         2
e - Conjure Flame         Conj/Fire      14%          13%         3
f - Mephitic Cloud        Conj/Pois/Air  11%          17%         3

Your spell library contained the following spells:

 Spells                   Type           Power        Failure   Level


Dungeon Overview and Level Annotations

Branches:
Dungeon (4/15)              Sewer (visited)
 Temple: D:4-7

Altars:
Yredelemnul


Message History

The iguana barely misses you. The orc closely misses you.
Your shadow imp hits the orc.
Your crimson imp hits the orc.
Casting: Magic Dart (safe; 1% risk of failure)
Confirm with . or Enter, or press ? or * to list all spells.
Aiming: Magic Dart (safe; 1% risk of failure)
Press: ? - help, Shift-Dir - straight line The magic dart hits the iguana.
The iguana is heavily wounded.
The iguana misses you. The orc hits you but does no damage.
Your crimson imp closely misses something.
Casting: Magic Dart (safe; 1% risk of failure)
Confirm with . or Enter, or press ? or * to list all spells.
Aiming: Magic Dart (safe; 1% risk of failure)
Press: ? - help, Shift-Dir - straight line, f - iguana
Aim: an iguana (heavily wounded, 0% to evade)
The magic dart hits the iguana but does no damage.
The iguana is heavily wounded.
The iguana bites you.
The orc hits your shadow imp but does no damage.
Your crimson imp blinks!
The orc hits you.
Your shadow imp barely misses the orc.
Casting: Magic Dart (safe; 1% risk of failure)
Confirm with . or Enter, or press ? or * to list all spells.
Aiming: Magic Dart (safe; 1% risk of failure)
Press: ? - help, Shift-Dir - straight line, f/p - iguana
Aim: an iguana (heavily wounded, 0% to evade)
The magic dart hits the iguana but does no damage.
The iguana is heavily wounded.
You hear some strange, mumbled words.
A puff of flame appears from out of thin air!
The puff of flame hits you!
The orc wizard gestures at itself while chanting.
The orc wizard flickers and vanishes!
The iguana barely misses you.
Your crimson imp blinks!
The orc hits your shadow imp but does no damage.
The orc hits you.
* * * LOW HITPOINT WARNING * * *
Your shadow imp closely misses the orc.
Something hits you but does no damage. The iguana bites you.
You die...

.# ..#.# # ###
....# #.
........#
##.###.#....#
....5o....
#.#.#.{l#.####+
....5.o@.......
###.#.#.#.###..
#...# # #####


You could see an iguana, 2 orcs, a friendly crimson imp (summoned) and a
friendly shadow imp (summoned).

Vanquished Creatures
  Purgy (Sewer)
  A hound (D:3)
  A worker ant (D:3)
  An adder (D:3)
  2 leopard geckos (D:3)
  4 giant cockroaches
  4 goblins
  6 hobgoblins (D:1)
  2 quokkas (D:3)
  A ball python (D:2)
  8 bats
  2 frilled lizards (D:1)
  A gnoll zombie (D:3)
  5 kobolds
  7 rats
46 creatures vanquished.

Vanquished Creatures (collateral kills)
  3 adders (D:2)
  A worm (D:2)
  A bat (Sewer)
  A giant cockroach (D:2)
  A gnoll zombie (D:3)
  A goblin (D:2)
8 creatures vanquished.

Vanquished Creatures (others)
  A plant (D:2)
1 creature vanquished.

Grand Total: 55 creatures vanquished

Notes
Turn   | Place    | Note
-------+----------+-------------------------------------------
     0 | D:1      | pistachioham the Deep Elf Hedge Wizard began the quest for
                  | the Orb.
     0 | D:1      | Reached XP level 1. HP: 10/10 MP: 7/7
    27 | D:1      | Upgraded the game from 0.27-a0-333-gfa571bf19a to
                  | 0.27-a0-366-g8badd94918
    39 | D:1      | Upgraded the game from 0.27-a0-366-g8badd94918 to
                  | 0.27-a0-380-g150de4c316
   288 | D:1      | Reached XP level 2. HP: 15/15 MP: 5/9
   291 | D:1      | Learned a level 2 spell: Slow
   925 | D:2      | Learned a level 2 spell: Blink
   928 | D:2      | Learned a level 2 spell: Call Imp
  1061 | D:2      | Reached skill level 1 in Hexes
  1061 | D:2      | Reached XP level 3. HP: 19/19 MP: 6/11
  1351 | D:2      | Reached skill level 5 in Spellcasting
  1374 | D:2      | You fall into a shaft and drop 2 floors!
  1437 | D:3      | Reached XP level 4. HP: 24/24 MP: 5/13
  1516 | D:3      | Found a glowing drain.
  1594 | Sewer    | Entered a sewer
  1677 | Sewer    | Noticed Purgy
  1696 | Sewer    | Killed Purgy
  1697 | Sewer    | Reached XP level 5. HP: 27/28 MP: 3/15
  1721 | Sewer    | Learned a level 3 spell: Conjure Flame
  1725 | Sewer    | Learned a level 3 spell: Mephitic Cloud
  2341 | D:3      | Found a basalt altar of Yredelemnul.
  2765 | D:4      | Slain by an iguana

Illustrated notes

Levels and vault maps discovered:
D:1:      beargit_arrival_greenhouse, layout_loops_ring
D:2:      layout_loops_ring, guppyfry_early_lair_pool
D:3:      layout_rooms, lemuel_zombie_altar_yredelemnul, portal_sewer_entry_f,
          grunt_decor_clamped
D:4:      layout_basic, serial_shops, nicolae_shop_trees

Skill      XL: |  1  2  3  4  5 |
---------------+----------------+-----
Conjurations   | 2 3 4 |  4.5
Hexes          | 1 2 3 |  3.0
Spellcasting   | 5 |  5.6
Dodging        | |  2.4
Stealth        | |  2.4
Summonings     | |  1.1
Translocations | |  1.1

Action                   |  1- 3 |  4- 6 || total
-------------------------+-------+-------++-------
Melee: Short sword       |    10 |     9 ||    19
 Cast: Magic Dart        |    56 |    49 ||   105
       Call Imp          |     7 |     9 ||    16
  Use: Scroll            |     4 |     1 ||     5
 Stab: Sleeping          |     3 |     2 ||     5
Armor: Robe              |     2 |    12 ||    14
Dodge: Dodged            |     6 |    26 ||    32

Table legend: (Time is in decaauts)
 A = Elapsed time spent in this place.
 B = Non-inter-level travel time spent in this place.
 C = Inter-level travel time spent in this place.
 D = Time resting spent in this place.
 E = Time spent auto-exploring this place.
 F = Levels seen in this place.
 G = Mean time per level.
                   A        B        C        D        E       F      G
               +--------+--------+--------+--------+--------+-----+--------+
         Total |   2772 |   2698 |     74 |    772 |    834 |   5 |  554.4 |
       Dungeon |   2545 |   2471 |     74 |    661 |    834 |   4 |  636.2 |
         Sewer |    227 |    227 |      0 |    111 |      0 |   1 |  227.0 |
               +--------+--------+--------+--------+--------+-----+--------+

Top non-repeatable levels by time:
     D:1: 896 daAuts
     D:3: 852 daAuts
     D:2: 756 daAuts
   Sewer: 227 daAuts
     D:4: 39 daAuts
